 Dungeon Crawl Stone Soup version 0.30-a0-883-g5ad918d77d (webtiles) character file.

Game seed: 9062437659695021216

315 BlueFish the Sneak (level 6, -18/39 HPs)
             Began as an Octopode Transmuter on Mar 17, 2023.
             Was an Initiate of Cheibriados.
             Demolished by an ogre
             ... wielding a +0 giant spiked club
              (35 damage)
             ... on level 4 of the Dungeon.
             The game lasted 00:08:23 (3027 turns).

BlueFish the Sneak (Octopode Transmuter)            Turns: 3027, Time: 00:08:24

Health: -18/39     AC:  2    Str: 10    XL:     6   Next: 43%
Magic:  8/10       EV: 20    Int: 17    God:    Cheibriados [......]
Gold:   61         SH:  0    Dex: 20    Spells: 2/10 levels left

rFire   . . .      SeeInvis .      - Unarmed
rCold   . . .      Faith    .    (shield currently unavailable)
rNeg    . . .      Spirit   .    o - melded +0 hat
rPois   x          Reflect  .    i - amulet of the acrobat
rElec   .          Rampage  .    d - ring of willpower
rCorr   .                        (no ring)
Will    +....                    (no ring)
Stlth   +++                      (no ring)
HPRegen 0.26/turn                (no ring)
MPRegen 0.12/turn                (no ring)
                                 (no ring)
                                 (no ring)

@: spider-form, very slow
A: venomous fangs, almost no armour, (amphibious), 8 rings, tiny, (camouflage
1), (gelatinous body 1), (nimble swimmer 1), (tentacles)
a: End Transformation, Renounce Religion


You were on level 4 of the Dungeon.
You worshipped Cheibriados.
Cheibriados was noncommittal.
You were a venomous arachnid creature.
You visited 1 branch of the dungeon, and saw 4 of its levels.

You collected 117 gold pieces.
You spent 56 gold pieces at shops.

Inventory:

Missiles
 t - 9 poisoned darts
 u - 37 stones (quivered)
Armour
 o - a +0 hat (melded)
Jewellery
 d - a ring of willpower (left front pincers)
 i - an amulet of the acrobat (around neck)
 l - a ring of ice
Wands
 p - a wand of mindburst (12)
 s - a wand of flame (14)
Scrolls
 c - 3 scrolls of identify
 g - 2 scrolls of teleportation {unknown}
 m - 3 scrolls of amnesia
 n - a scroll of vulnerability {unknown}
 q - a scroll of silence {unknown}
 r - a scroll of fog {unknown}
 v - a scroll of torment {unknown}
Potions
 a - a potion of lignification
 b - 3 potions of might
 e - a potion of berserk rage
 f - a potion of flight {unknown}
 h - a potion of attraction {unknown}
 j - a potion of heal wounds {unknown}
 k - 2 potions of curing {unknown}


   Skills:
 + Level 2.0 Fighting
 + Level 0.6 Throwing
 + Level 2.6 Dodging
 * Level 4.0 Stealth
 + Level 3.6 Unarmed Combat
 + Level 2.7 Spellcasting
 * Level 0.4 Translocations
 + Level 2.9 Transmutations
 * Level 2.1 Poison Magic
 * Level 1.2 Invocations
 + Level 1.1 Evocations


You had 2 spell levels left.
You knew the following spells:

 Your Spells              Type           Power      Damage    Failure   Level
a - Beastly Appendage     Tmut           24%        N/A       16%         1
b - Wereblood             Tmut           12%        N/A       22%         2
c - Spider Form           Tmut/Pois      10%        N/A       38%         3
d - Blink                 Tloc           6%         N/A       43%         2

Your spell library contained the following spells:

 Spells                   Type           Power      Damage    Failure   Level
 Necrotise                Necr           8%         1d4       38%         1
 Lesser Beckoning         Tloc           6%         N/A       43%         2
 Momentum Strike          Conj/Tloc      6%         3d8       47%         2
 Sublimation of Blood     Necr           2%         N/A       47%         2
 Ignite Poison            Fire/Tmut/Pois 7%         N/A       47%         3
 Gell's Gravitas          Tloc           3%         N/A       63%         3
 Teleport Other           Tloc           3%         N/A       63%         3
 Kindle Blastsparks       Fire/Tloc/Air  4%         2d10      67%         3
 Hailstorm                Conj/Ice       2%         3d3       69%         3
 Inner Flame              Hex/Fire       2%         N/A       69%         3
 Vampiric Draining        Necr           2%         2d6       69%         3
 Ice Form                 Ice/Tmut       7%         N/A       86%         4
 Petrify                  Tmut/Erth      7%         N/A       86%         4
 Cause Fear               Hex            1%         N/A       96%         4
 Irradiate                Conj/Tmut      3%         3d12      99%         5
 Agony                    Necr           2%         N/A       100%        5
 Freezing Cloud           Conj/Ice/Air   1%         6-21      100%        5
 Dispersal                Tloc           1%         N/A       100%        6
 Simulacrum               Ice/Necr       1%         N/A       100%        6
 Discord                  Hex            1%         N/A       100%        8


Dungeon Overview and Level Annotations

Branches:
Dungeon (4/15)
 Temple: D:4-7

Altars:
Cheibriados
Uskayaw

Shops:
D:3 ?[([=


Innate Abilities, Weirdness & Mutations

You are a venomous arachnid creature.
You have venomous fangs.
You are tiny and dextrous.
Your spellcasting is less reliable in this form.
Your armour is entirely melded.
You are incapable of wielding weapons or throwing items.
You cannot wear most types of armour.
((You are amphibious.))
You can wear up to eight rings at the same time.
((Your skin changes colour to match your surroundings (Stealth+).))
((Your rubbery body absorbs attacks. (AC +1, EV +1)))
((You are camouflaged when in or above water. (Stealth+)))
((You have tentacles for arms and can constrict up to eight enemies at once.))


Message History

Confirm with . or Enter, or press ? or * to list all spells.
Okay, then.
Unknown command.
Casting: Wereblood (safe; 9% risk of failure)
Confirm with . or Enter, or press ? or * to list all spells.
The spell is quite dangerous to miscast (22% risk of failure)!
Continue anyway?
You turn into a venomous arachnid creature.
Your +0 hat melds into your body.
You hit the ogre.
The ogre is poisoned.
The ogre is lightly wounded.
The ogre barely misses you.
You hit the ogre.
The ogre looks as sick as possible!
The ogre is moderately wounded.
You hit the ogre.
The ogre is heavily wounded.
The ogre misses you.
You hit the ogre.
The ogre is severely wounded.
You hit the ogre.
The ogre looks as sick as possible!
The ogre is almost dead.
An ogre comes into view. It is wielding a +0 giant spiked club.
The ogre barely misses you.
You hit the ogre.
You kill the ogre!
Cheibriados appreciates the change of pace.
Your Fighting skill increases to level 2!
Your Stealth skill increases to level 4!
Your Poison Magic skill increases to level 2!
Your Evocations skill increases to level 1!
You hit the ogre.
The ogre is lightly wounded.
The ogre hits you with a +0 giant spiked club!!
Ouch! That really hurt!
You hit the ogre but do no damage.
The ogre is lightly wounded.
You hit the ogre but do no damage.
The ogre is lightly wounded.
The ogre hits you with a +0 giant spiked club!!
Ouch! That really hurt!
You die...

.# J# ....##.......# ..
..........#.. # #.#
............ .. #.##
.$........$#. ...##
............
....##..#... ......#
.....#.......##..O.# .
.....#..#.......s# ..
.....##.##.#..#..# ...
.....##.# #.##..###....
.....##.##...##.........
........†..# ##..###.##
.....##.########......##
.......)# #...........#
..†..##.####........##..
.....##.............# .


You could see an ogre.

Vanquished Creatures
  An ogre (D:4)
  A scorpion (D:4)
  5 adders
  4 gnolls
  2 worms
  3 dart slugs (D:1)
  2 orcs (D:3)
  12 ball pythons
  6 endoplasms
  2 giant cockroaches (D:1)
  7 goblins
  6 hobgoblins
  3 jackals (D:1)
  2 quokkas
  5 bats
  3 frilled lizards
  9 kobolds
  3 rats
76 creatures vanquished.

Notes
Turn   | Place    | Note
-------+----------+-------------------------------------------
     0 | D:1      | BlueFish the Octopode Transmuter began the quest for the
                  | Orb.
     0 | D:1      | Reached XP level 1. HP: 13/13 MP: 3/3
    28 | D:1      | Reached skill level 1 in Stealth
    28 | D:1      | Reached XP level 2. HP: 14/18 MP: 1/5
    34 | D:1      | Learned a level 2 spell: Wereblood
   143 | D:1      | Reached skill level 2 in Stealth
   200 | D:1      | Reached XP level 3. HP: 22/23 MP: 6/6
   834 | D:2      | Found a faded altar of an unknown god.
  1140 | D:2      | Reached XP level 4. HP: 25/28 MP: 5/7
  1144 | D:2      | Learned a level 3 spell: Spider Form
  1292 | D:2      | Reached skill level 3 in Stealth
  1861 | D:3      | Reached skill level 1 in Poison Magic
  1937 | D:3      | Found Muxibb's Magic Scroll Shoppe.
  1940 | D:3      | Reached XP level 5. HP: 34/34 MP: 8/8
  1943 | D:3      | Learned a level 2 spell: Blink
  1972 | D:3      | Found Leubres's Weapon Boutique.
  2040 | D:3      | Found Lighyec's Jewellery Shoppe.
  2115 | D:3      | Found Kaluj's Armour Shoppe.
  2134 | D:3      | Bought a +0 hat for 56 gold pieces
  2252 | D:3      | Found a hide-covered altar of Uskayaw.
  2266 | D:3      | Found a snail-covered altar of Cheibriados.
  2299 | D:3      | Became a worshipper of Cheibriados the Contemplative
  2365 | D:3      | Identified the +1 robe of the Rose {rPois rF++ Int+2 Dex-4}
  2470 | D:3      | Found Nutyap's Armour Shop.
  2920 | D:4      | Reached XP level 6. HP: 32/39 MP: 5/9
  2928 | D:4      | Reached skill level 1 in Invocations
  3023 | D:4      | Reached skill level 4 in Stealth
  3023 | D:4      | Reached skill level 1 in Evocations
  3027 | D:4      | Demolished by an ogre

Illustrated notes

Levels and vault maps discovered:
D:1:      dpeg_arrival_rhombus, layout_loops_ring
D:2:      layout_loops_ring, hellmonk_ecumenical_altar_slurped_away
D:3:      layout_basic, mainiacjoe_overflow_large_starburst, serial_shops,
          nicolae_shop_trees, nicolae_shop_advertising_works
          [nicolae_subvault_shop_adworks], nicolae_shop_hallway_stairs,
          shop_fountains, nicolae_shop_window_shopping, mrwooster_statue_mirror,
          saegor_snake_ambush
D:4:      layout_rooms, makhleb_blood_cavern_becter, kennysheep_windowed_goal

Skill      XL: |  1  2  3  4  5  6 |
---------------+-------------------+-----
Stealth        | 1 2 3 4 |  4.0
Poison Magic   | 1 2 |  2.1
Invocations    | 1 |  1.2
Fighting       | 2 |  2.0
Evocations     | 1 |  1.1
Throwing       | |  0.6
Dodging        | |  2.6
Unarmed Combat | |  3.6
Spellcasting   | |  2.7
Translocations | |  0.4
Transmutations | |  2.9

Action                     |  1- 3 |  4- 6 || total
---------------------------+-------+-------++-------
  Melee: Unarmed           |    53 |   108 ||   161
         Kick              |    11 |    20 ||    31
         Constrict         |    16 |    23 ||    39
         Tentacles         |    14 |    24 ||    38
         Punch             |     2 |       ||     2
  Throw: Stone             |       |     4 ||     4
   Cast: Beastly Appendage |     4 |    23 ||    27
         Wereblood         |       |     1 ||     1
         Spider Form       |       |     1 ||     1
    Use: Scroll            |       |     3 ||     3
   Stab: Sleeping          |     6 |    10 ||    16
 Armour: Skin              |       |     5 ||     5
  Dodge: Dodged            |    23 |    60 ||    83

Table legend: (Time is in decaauts)
 A = Elapsed time spent in this place.
 B = Non-inter-level travel time spent in this place.
 C = Inter-level travel time spent in this place.
 D = Time resting spent in this place.
 E = Time spent auto-exploring this place.
 F = Levels seen in this place.
 G = Mean time per level.
                   A        B        C        D        E       F      G
               +--------+--------+--------+--------+--------+-----+--------+
         Total |   3187 |   3031 |    156 |      0 |   2250 |   4 |  796.8 |
       Dungeon |   3187 |   3031 |    156 |      0 |   2250 |   4 |  796.8 |
               +--------+--------+--------+--------+--------+-----+--------+

Top non-repeatable levels by time:
     D:3: 1163 daAuts
     D:2: 956 daAuts
     D:1: 868 daAuts
     D:4: 199 daAuts
